 Dungeon Crawl Stone Soup version 0.28-a0-1412-gf95308ed99 (webtiles) character file.

Game seed: 2030194931889392958

21064 grumblor the Cleaver (level 12, 0/59 (61) HPs)
             Began as a Vine Stalker Fighter on Jan 7, 2022.
             Was a High Priest of Sif Muna.
             Killed from afar by an orc sorcerer (15 damage)
             ... with a bolt of negative energy
             ... on level 1 of the Orcish Mines.
             The game lasted 00:30:27 (13226 turns).

grumblor the Cleaver (Vine Stalker Fighter)        Turns: 13226, Time: 00:30:28

HP:   0/59 (61)     AC: 19    Str: 26    XL:     12   Next: 86%
MP:   0/23          EV:  8    Int:  8    God:    Sif Muna [*****.]
Gold: 994           SH:  7    Dex: 15    Spells: 25/25 levels left

rFire   . . .      SeeInvis .   a - +0 war axe (drain)
rCold   + + .      Faith    .   c - +1 buckler
rNeg    . . .      Spirit   +   b - +1 plate armour "Wegrogg" {rC++ Regen+ Str+3}
rPois   .          Reflect  .   M - +1 hat {Will+}
rElec   .          Harm     .   t - +0 cloak
rCorr   .          Rampage  .   G - +0 pair of gloves {hurl}
Will    +++..                   j - +1 pair of boots
Stlth   ..........              (no amulet)
HPRegen 1.79/turn               s - ring of willpower
MPRegen 0.18/turn               (no ring)

@: lightly drained
A: fangs 3, regeneration 1, magic shield, antimagic bite, no potion heal 2
a: Renounce Religion, Channel Magic, Forget Spell, Divine Exegesis


You were on level 1 of the Orcish Mines.
You worshipped Sif Muna.
Sif Muna was extremely pleased with you.
You visited 3 branches of the dungeon, and saw 14 of its levels.
You also visited: Sewer and Bailey.

You collected 994 gold pieces.

Inventory:

Hand Weapons
 a - a +0 war axe of draining (weapon)
 m - a +2 vorpal hand axe
 o - the +8 storm bow {elec, penet}
   (You found it on level 6 of the Dungeon)

   Any ammunition fired from it occasionally discharges a powerful burst of
   electricity upon striking a foe.
   Any ammunition fired by it passes through the targets it hits, potentially
   hitting all targets in its path until it reaches maximum range.
 p - the +5 spear of Glory {holy, Will+ Dex+6}
   (You found it in a bailey)

   It has been blessed by the Shining One to cause great damage to the undead
   and demons.
   Dex:       It affects your dexterity (+6).
   Will:      It increases your willpower.
 K - a +0 war axe
Missiles
 v - 43 poisoned darts (quivered)
 y - 3 boomerangs
 B - 5 boomerangs of dispersal
 E - a throwing net
Armour
 b - the +1 plate armour "Wegrogg" (worn) {rC++ Regen+ Str+3}
   (You found it in a bailey)

   Str:       It affects your strength (+3).
   rC:        It greatly protects you from cold.
   Regen:     It increases your rate of health regeneration.
 c - a +1 buckler (worn)
 j - a +1 pair of boots (worn)
 t - a +0 cloak (worn)
 G - a +0 pair of gloves of hurling (worn)
 M - a +1 hat of willpower (worn)
Jewellery
 s - a ring of willpower (left hand)
 I - a ring of ice
Wands
 e - a wand of polymorph (4)
 u - a wand of flame (8)
 C - a wand of acid (7)
Scrolls
 h - a scroll of holy word
 l - a scroll of blinking
 q - a scroll of fear
 w - 2 scrolls of magic mapping
 D - a scroll of enchant armour
 L - a scroll of teleportation
Potions
 d - a potion of might
 f - a potion of lignification
 g - 3 potions of curing
 i - 3 potions of invisibility
 k - 4 potions of mutation
 n - a potion of haste
 r - 2 potions of flight
 x - 2 potions of magic {unknown}
 z - a potion of berserk rage {unknown}
 A - a potion of ambrosia {unknown}
 H - a potion of resistance {unknown}
 J - a potion of degeneration {unknown}
Miscellaneous
 F - a piece from Xom's chessboard (15/15)


   Skills:
 + Level 6.2 Fighting
 * Level 12.2 Axes
 - Level 4.0 Throwing
 + Level 6.5 Armour
 - Level 4.0 Dodging
 * Level 6.1 Shields
 * Level 7.0 Spellcasting
 * Level 5.6 Invocations
 - Level 4.0 Evocations


You had 25 spell levels left.
You didn't know any spells.
Your spell library contained the following spells:

 Spells                   Type           Power      Damage    Failure   Level
 Animate Skeleton         Necr           4%         N/A       97%         1
 Pain                     Necr           8%         1d4       97%         1
 Portal Projectile        Hex/Tloc       4%         N/A       100%        3
 Tukima's Dance           Hex            2%         N/A       100%        3
 Vampiric Draining        Necr           2%         2d6       100%        3
 Passage of Golubria      Tloc           2%         N/A       100%        4
 Blade Hands              Tmut           1%         N/A       100%        5
 Excruciating Wounds      Necr           1%         N/A       100%        5
 Fireball                 Conj/Fire      1%         3d3       100%        5
 Irradiate                Conj/Tmut      1%         3d13      100%        5
 Iskenderun's Battlesphe  Conj           2%         2d6       100%        5
 Summon Forest            Summ/Tloc      1%         N/A       100%        5
 Summon Mana Viper        Hex/Summ       2%         N/A       100%        5
 Yara's Violent Unravell  Hex/Tmut       1%         3d3       100%        5
 Conjure Ball Lightning   Conj/Air       1%         3x3d6     100%        6
 Iron Shot                Conj/Erth      1%         9d1       100%        6
 Summon Cactus Giant      Summ           1%         N/A       100%        6


Dungeon Overview and Level Annotations

Branches:
Dungeon (11/15)            Temple (1/1) D:4            Lair (0/6) D:8
    Orc (2/2) D:11          Sewer (visited)          Bailey (visited)
    Elf: Orc:2

Altars:
Ashenzari
Cheibriados
Dithmenos
Elyvilon
Fedhas
Gozag
Hepliaklqana
Kikubaaqudgha
Makhleb
Okawaru
Qazlal
Ru
Sif Muna
Trog
Uskayaw
Vehumet
Wu Jian
Xom
Yredelemnul
Zin
The Shining One

Shops:
D:6 (

Annotations:
D:3 2 transporters, Pin's ghost, weakling FeSu


Innate Abilities, Weirdness & Mutations

You have razor-sharp teeth.
Your natural rate of healing is unusually fast.
When hurt, damage is shared between your health and your magic reserves.
Your bite disrupts and absorbs the magic of your enemies.
Potions cannot restore your health.


Message History

Items here: )) [[.
There is a stone staircase leading down, spattered with blood here.
Items here: )) [[.
Okay, then.
There is a stone staircase leading down, spattered with blood here.
There is a staircase back to the Dungeon, spattered with blood here.
v - 43 poisoned darts (gained 1)
You see here a +2 flail of draining.
There is a stone staircase leading down, spattered with blood here.
You see here a +2 flail of draining.
There is a stone staircase leading down, spattered with blood here.
You start resting.
Magic restored.
You climb downwards.
The orc sorcerer shouts!
The orc warlord roars a battlecry!
The orc sorcerers go into a battle-frenzy!
There is a stone staircase leading up, spattered with blood here.
The orc sorcerer closely misses you.
The orc sorcerer gestures at you while chanting.
The bolt of fire hits you!!
The orc warlord hits you but does no damage.
You climb upwards.
There is a stone staircase leading down, spattered with blood here.
You barely miss the orc sorcerer. Your bite misses the orc sorcerer.
You barely miss the orc warlord. You block the orc sorcerer's attack.
Unknown command.
You barely miss the orc sorcerer. You hit the orc warlord.
The orc warlord hits you but does no damage.
You are electrocuted!!
You block the orc sorcerer's attack.
Unknown command.
You hit the orc sorcerer but do no damage.
You drain the orc sorcerer.
The orc sorcerer is lightly wounded.
You barely miss the orc warlord.
The orc warlord hits you with a +2 battleaxe of electrocution!!
* * * LOW HITPOINT WARNING * * *
The orc sorcerer gestures at you while chanting.
The bolt of negative energy hits you!!
You feel drained.
You die...

##......##..##.##.........####
#........#...#.............#
###.#....[.................##
###.##......[[................#
#...........[..............#.##
............[[).....#....##.#####
#................)#......#....#.#
###.....#......).o...............
#............[@<)...........#.#
####...........[[o.......#.######
##......................#...#####
...........>............#....#.#.
....##..........#................
#.###...#....######.......#.#..).
### ##.#......####........##...))
####....##.##.........#..#.#
#.........)..#.#...#...###


You could see an orc warlord and an orc sorcerer (strong, drained).

Vanquished Creatures
  Gastronok (D:10)
  Fannar (D:10)
  2 two-headed ogres (D:10)
  A death knight (D:11)
  An orc high priest (Orc:1)
  Nergalle (D:10)
  3 orc knights
  Pikel (D:5)
  Joseph (D:10)
  A gargoyle (D:11)
  4 unseen horrors (D:11)
  The ghost of chunkyMonkey the Sneak, a novice KoBr (D:5)
  A komodo dragon (D:6)
  4 trolls
  A hornet (D:8)
  Grinder (D:3)
  A shadow (D:6)
  A wyvern (D:7)
  16 yaks
  A vampire (D:10)
  A vampire mosquito (D:10)
  Menkaure (D:5)
  2 wargs (Orc:1)
  An acid dragon (D:10)
  5 sky beasts
  18 orc warriors
  2 black bears
  4 ogres
  2 ice beasts
  A necrophage (D:6)
  3 wolves (D:8)
  8 centaurs
  2 phantoms
  2 kobold brigands
  2 wyvern zombies
  2 bullfrogs
  A gnoll sergeant (D:9)
  2 scorpions
  A wyvern skeleton (D:7)
  4 killer bees (D:10)
  2 water moccasin skeletons
  3 wights (D:8)
  5 electric eels (D:8)
  A howler monkey (D:10)
  A bullfrog zombie (D:6)
  A centaur skeleton (D:7)
  9 centaur zombies
  10 orc priests
  6 hounds
  3 jellies
  An iguana (D:7)
  Crazy Yiuf (D:5)
  Jessica (D:3)
  A bullfrog skeleton (D:7)
  15 orc wizards
  Natasha (thrice) (D:4)
  Ijyb (D:3)
  A hound skeleton (D:4)
  Robin (D:3)
  A howler monkey zombie (D:11)
  13 adders
  11 gnolls
  3 river rats (Sewer)
  5 worms
  A dart slug (D:5)
  50 orcs
  8 bats
  8 endoplasms
  5 giant cockroaches
  7 hobgoblins
  5 jackals
  10 quokkas
  9 ball pythons
  9 frilled lizards
  20 goblins
  13 kobolds
  6 rats
358 creatures vanquished.

Vanquished Creatures (others)
  An orc wizard (D:6)
  3 fungi
  23 plants
27 creatures vanquished.

Grand Total: 385 creatures vanquished

Notes
Turn   | Place    | Note
-------+----------+-------------------------------------------
     0 | D:1      | grumblor the Vine Stalker Fighter began the quest for the
                  | Orb.
     0 | D:1      | Reached XP level 1. HP: 11/11 MP: 2/2
   285 | D:1      | Reached XP level 2. HP: 9/16 MP: 1/3
   709 | D:1      | Found a faded altar of an unknown god.
   769 | D:1      | Reached skill level 2 in Axes
   900 | D:1      | Reached XP level 3. HP: 19/19 MP: 5/5
  1446 | D:2      | Reached skill level 1 in Spellcasting
  1840 | D:2      | Gained mutation: Your natural rate of healing is unusually
                  | fast. [Vine Stalker growth]
  1840 | D:2      | Reached XP level 4. HP: 23/24 MP: 4/6
  2174 | D:3      | Found a transporter.
  2175 | D:3      | Noticed Pin's ghost (weakling FeSu)
  2182 | D:3      | Found a transporter.
  2242 | D:3      | Noticed Jessica
  2249 | D:3      | Killed Jessica
  2250 | D:3      | Reached skill level 3 in Axes
  2250 | D:3      | Reached skill level 1 in Dodging
  2330 | D:3      | Noticed Robin
  2352 | D:3      | Killed Robin
  2353 | D:3      | Reached XP level 5. HP: 25/28 MP: 8/8
  2573 | D:3      | Found a glowing silver altar of Zin.
  2611 | D:3      | Noticed Grinder
  2623 | D:3      | Killed Grinder
  2624 | D:3      | Reached skill level 4 in Axes
  2624 | D:3      | Reached XP level 6. HP: 26/32 MP: 7/10
  2883 | D:3      | Noticed Ijyb
  2890 | D:3      | Killed Ijyb
  3034 | D:4      | Reached XP level 7. HP: 36/36 MP: 11/11
  3355 | D:4      | Noticed Natasha
  3356 | D:4      | Found a staircase to the Ecumenical Temple.
  3368 | D:4      | Killed Natasha
  3389 | Temple   | Entered the Ecumenical Temple
  3577 | Temple   | Became a worshipper of Sif Muna the Loreminder
  3859 | D:4      | Reached skill level 5 in Axes
  3859 | D:4      | Reached skill level 1 in Evocations
  3961 | D:4      | Noticed Natasha
  3967 | D:4      | Killed Natasha
  4407 | D:4      | Noticed Natasha
  4412 | D:4      | Killed Natasha
  4434 | D:5      | Entered Level 5 of the Dungeon
  4468 | D:5      | Noticed Menkaure
  4473 | D:5      | Killed Menkaure
  4474 | D:5      | Reached skill level 1 in Throwing
  4533 | D:5      | Gained mutation: You have razor-sharp teeth. [Vine Stalker
                  | growth]
  4533 | D:5      | Reached XP level 8. HP: 35/40 MP: 13/13
  4556 | D:5      | Found a glowing drain.
  4598 | Sewer    | Entered a sewer
  5360 | D:5      | Noticed Pikel
  5375 | D:5      | Killed Pikel
  5376 | D:5      | Reached skill level 6 in Axes
  5482 | D:5      | Reached * piety under Sif Muna
  5537 | D:5      | Found a large runed translucent door.
  5537 | D:5      | Found a large runed translucent door.
  5540 | D:5      | Noticed chunkyMonkey's ghost (novice KoBr)
  5544 | D:5      | Reached XP level 9. HP: 45/45 MP: 15/15
  5570 | D:5      | Killed chunkyMonkey's ghost
  5571 | D:5      | Reached skill level 7 in Axes
  5742 | D:5      | Found a runed translucent door.
  5743 | D:5      | Noticed Crazy Yiuf
  5937 | D:5      | Found a blossoming altar of Fedhas.
  6125 | D:5      | Killed Crazy Yiuf
  6218 | D:6      | Found Ehubress's Weapon Boutique.
  6234 | D:6      | Noticed a komodo dragon
  6278 | D:6      | Killed a komodo dragon
  6279 | D:6      | Reached skill level 1 in Invocations
  6364 | D:6      | Found the +8 storm bow {elec, penet}
  6378 | D:6      | Reached skill level 8 in Axes
  6410 | D:6      | Reached XP level 10. HP: 50/50 MP: 17/17
  6504 | D:6      | Found an ancient bone altar of Kikubaaqudgha.
  6715 | D:6      | Reached ** piety under Sif Muna
  7981 | D:8      | Reached skill level 9 in Axes
  8084 | D:8      | Found a staircase to the Lair.
  8574 | D:8      | Reached *** piety under Sif Muna
  8656 | D:8      | Paralysed by a hornet for 2 turns
  9102 | D:9      | Reached skill level 5 in Armour
  9151 | D:9      | Reached skill level 5 in Spellcasting
  9191 | D:9      | Found a flagged portal.
  9201 | Bailey   | Entered a bailey
  9303 | Bailey   | Reached XP level 11. HP: 37/54 MP: 15/19
  9342 | Bailey   | Noticed an orc knight
  9511 | Bailey   | Noticed an orc knight
  9648 | Bailey   | Killed an orc knight
  9649 | Bailey   | Reached skill level 5 in Fighting
  9715 | Bailey   | Killed an orc knight
  9842 | Bailey   | Identified the +5 spear of Glory {holy, Will+ Dex+6}
  9858 | Bailey   | Identified the +1 plate armour "Wegrogg" {rC++ Regen+
                  | Str+3}
 10304 | D:9      | Found a shimmering altar of Xom.
 10304 | D:9      | You fall into a shaft and drop 1 floor!
 10304 | D:10     | Entered Level 10 of the Dungeon
 10304 | D:10     | Noticed Fannar
 10315 | D:10     | Killed Fannar
 10315 | D:10     | Reached **** piety under Sif Muna
 10316 | D:10     | Reached skill level 10 in Axes
 10462 | D:10     | Reached skill level 5 in Shields
 10717 | D:10     | Noticed a two-headed ogre
 10731 | D:10     | Killed a two-headed ogre
 10782 | D:10     | Noticed Joseph
 10799 | D:10     | Killed Joseph
 10822 | D:10     | Reached skill level 11 in Axes
 10884 | D:10     | Reached XP level 12. HP: 52/60 MP: 16/22
 10981 | D:9      | Found a hazy altar of Hepliaklqana.
 10981 | D:9      | Found an opulent altar of Gozag.
 10981 | D:9      | Found an iron altar of Okawaru.
 11027 | D:10     | Noticed Nergalle
 11047 | D:10     | Killed Nergalle
 11311 | D:10     | Noticed Gastronok
 11350 | D:10     | Killed Gastronok
 11396 | D:10     | Noticed a two-headed ogre
 11404 | D:10     | Killed a two-headed ogre
 11405 | D:10     | Reached skill level 5 in Invocations
 11783 | D:11     | Reached ***** piety under Sif Muna
 12165 | D:11     | Found a staircase to the Orcish Mines.
 12165 | D:11     | Noticed a death knight
 12192 | D:11     | Killed a death knight
 12506 | D:11     | Reached skill level 12 in Axes
 12700 | Orc:1    | Entered Level 1 of the Orcish Mines
 12717 | Orc:1    | Received a gift from Sif Muna
 12729 | Orc:1    | Got Sif Muna's Compendium of Battle Magic {god gift}
 13075 | Orc:2    | Entered Level 2 of the Orcish Mines
 13083 | Orc:2    | Noticed an orc high priest
 13098 | Orc:1    | Killed an orc high priest
 13105 | Orc:2    | Noticed an orc warlord
 13226 | Orc:1    | Killed from afar by an orc sorcerer

Illustrated notes

Levels and vault maps discovered:
D:1:      dpeg_arrival_arbitrary_c, layout_loops_corners,
          dreamdust_ecumenical_altar_grove
D:2:      layout_basic, kennysheep_boxes
D:3:      layout_loops_corners, zin_academy, gammafunk_ghost_arena, uniq_robin,
          uniq_grinder, uniq_ijyb, uniq_jessica
D:4:      layout_loops_cross, minmay_temple_entry_stoned_glass, st_stairs_11,
          chequers_serial_rivers_large_a, uniq_natasha
D:5:      layout_basic, general_overflow_altar, cheibrodos_sewer_entry_drain,
          ebering_ghost_disaster_area, uniq_crazy_yiuf_cottage, uniq_menkaure,
          uniq_pikel
D:6:      layout_loops_ring, nicolae_kikubaaqudgha_miasma_corner, serial_shops,
          shop_statue
D:7:      layout_basic, kennysheep_generic_room_9
D:8:      layout_basic, erik_lair_island, serial_bayou, serial_bayou_pond_d,
          serial_bayou_pond_e, serial_bayou_pond_b, serial_bayou_ford_a
D:9:      layout_roguey, nicolae_overflow_hidden_temple, enter_bailey_2
D:10:     minmay_s_stair_smasher, layout_irregular_city, uniq_gastronok,
          uniq_fannar, uniq_joseph, uniq_nergalle
D:11:     layout_basic, orc_0_dummy
Temple:   regret_index_temple_generic_petals
Orc:1:    layout_caves
Orc:2:    grunt_orc_gardens, layout_diamond_mine, grunt_orc_garden,
          grunt_orc_garden, grunt_orc_garden, grunt_orc_garden, special_room,
          basic_altar

Skill      XL: |  1  2  3  4  5  6  7  8  9 10 11 12 |
---------------+-------------------------------------+-----
Axes           | 2 3 4 5 6 8 9 11 12 | 12.2
Spellcasting   | 1 2 3 4 5 6 7 |  7.0
Fighting       | 3 4 5 6 |  6.2
Dodging        | 1 2 3 4 |  4.0
Armour         | 3 4 5 6 |  6.5
Shields        | 3 4 5 6 |  6.1
Evocations     | 1 2 3 4 |  4.0
Throwing       | 1 2 4 |  4.0
Invocations    | 1 3 4 5 |  5.6

Action                   |  1- 3 |  4- 6 |  7- 9 | 10-12 || total
-------------------------+-------+-------+-------+-------++-------
Melee: War axe           |   112 |    99 |   369 |   597 ||  1177
       Bite              |    23 |    26 |    83 |   253 ||   385
       Hand axe          |       |       |       |   105 ||   105
Throw: Throwing net      |       |     1 |       |       ||     1
       Boomerang         |       |       |     1 |     7 ||     8
       Dart              |       |       |     4 |    63 ||    67
Evoke: Wand              |       |       |       |    23 ||    23
  Use: Scroll            |     4 |     1 |     2 |     9 ||    16
 Stab: Held in net/web   |       |     2 |       |       ||     2
Armor: Scale mail        |    55 |    50 |    10 |       ||   115
       Chain mail        |       |       |   229 |    10 ||   239
       Plate armour      |       |       |       |   571 ||   571
Dodge: Dodged            |    43 |    43 |   120 |   282 ||   488
Block: Buckler           |    28 |    34 |    95 |   263 ||   420

Table legend: (Time is in decaauts)
 A = Elapsed time spent in this place.
 B = Non-inter-level travel time spent in this place.
 C = Inter-level travel time spent in this place.
 D = Time resting spent in this place.
 E = Time spent auto-exploring this place.
 F = Levels seen in this place.
 G = Mean time per level.
                   A        B        C        D        E       F      G
               +--------+--------+--------+--------+--------+-----+--------+
         Total |  13689 |  12898 |    791 |    245 |   8903 |  16 |  855.6 |
       Dungeon |  11180 |  10460 |    720 |      0 |   7844 |  11 | 1016.4 |
        Temple |    232 |    191 |     41 |      0 |    178 |   1 |  232.0 |
  Orcish Mines |    523 |    494 |     29 |     53 |    250 |   2 |  261.5 |
         Sewer |    969 |    969 |      0 |      0 |    592 |   1 |  969.0 |
        Bailey |    782 |    782 |      0 |    192 |     37 |   1 |  782.0 |
               +--------+--------+--------+--------+--------+-----+--------+

Top non-repeatable levels by time:
     D:8: 1427 daAuts
     D:1: 1352 daAuts
     D:4: 1227 daAuts
    D:11: 1109 daAuts
     D:5: 1067 daAuts
    D:10: 1062 daAuts
   Sewer: 969 daAuts
     D:3: 908 daAuts
     D:6: 861 daAuts
     D:2: 847 daAuts
  Bailey: 782 daAuts
     D:9: 683 daAuts
     D:7: 633 daAuts
   Orc:1: 494 daAuts
  Temple: 232 daAuts
